 Dungeon Crawl Stone Soup version 0.14.1-1-g650416f (webtiles) character file.

1719 RogerD the Ruffian (level 8, -1/78 HPs)
             Began as a Troll Monk on May 8, 2014.
             Hit by a tomahawk thrown by an orc (4 damage)
             ... on Level 6 of the Dungeon.
             The game lasted 00:41:59 (4281 turns).

RogerD the Ruffian (Troll Monk)                     Turns: 4281, Time: 00:41:59

HP  -1/78        AC  5     Str 20      XL: 8   Next: 45%
MP   3/3         EV 13     Int  6      God:
Gold 289         SH  0     Dex 14      Spells:  0 memorised,  7 levels left

rFire  + . .     SeeInvis .       - Unarmed
rCold  + . .     Clarity  .     a - +0 robe
rNeg   . . .     Conserve .     (shield restricted)
rPois  +         rCorr    .     (helmet restricted)
rElec  +         rRot     .     (no cloak)
SustAb . .       Spirit   .     (gloves unavailable)
rMut   .         Warding  .     (boots unavailable)
Gourm  +         Stasis   .     (no amulet)
MR     .....                    m - ring of sustenance
                                g - ring of invisibility

@: drained, not resistant to hostile enchantments, unstealthy
A: unfitting armour, claws 3, fast metabolism 3, gourmand, regeneration 2,
saprovore 2, shaggy fur 1, tough skin 2
a: Evoke Invisibility


You were on level 6 of the Dungeon.
You were full.

You visited 1 branch of the dungeon, and saw 6 of its levels.
You also visited: Sewer.

You collected 289 gold pieces.

Inventory:

Missiles
 s - 5 tomahawks of returning (quivered)
Armour
 a - a +0 robe (worn)
Magical devices
 y - a wand of flame (5)
 z - a wand of random effects (9)
Comestibles
 b - 3 meat rations
 i - 3 bread rations
 u - a lychee
 A - a honeycomb
Scrolls
 d - 2 scrolls of immolation {unknown}
 e - 5 scrolls of remove curse
 f - a scroll of enchant weapon I
 h - a scroll of recharging {unknown}
 k - 2 scrolls of fog {unknown}
 l - a scroll of teleportation {unknown}
 n - 6 scrolls of identify
 x - 2 scrolls of enchant weapon II {unknown}
Jewellery
 g - a ring of invisibility (left claw)
 m - a ring of sustenance (right claw)
 q - a cursed ring of teleportation
 D - an uncursed ring of fire
Potions
 c - 3 potions of restore abilities
 j - 5 potions of curing
 p - a potion of mutation {unknown}
 r - 3 potions of flight
 t - a potion of poison {unknown}
 v - a potion of resistance
 w - a potion of might
 B - a potion of paralysis {unknown}
 C - a potion of berserk rage {unknown}


   Skills:
 + Level 3.8(3.7) Fighting
 + Level 0.8(0.7) Throwing
 + Level 6.4(6.3) Dodging
 + Level 2.0(1.9) Stealth
 + Level 7.3(7.2) Unarmed Combat
 + Level 0.1(0.0) Evocations


You had 7 spell levels left.
You didn't know any spells.

Dungeon Overview and Level Annotations

Branches:
Dungeon (6/15)
 Temple: D:4-7

Altars:
Elyvilon
Kikubaaqudgha
Xom

Shops:
D:6 }

Annotations:
D:6 Blork the orc


Innate Abilities, Weirdness & Mutations

You are too large for most types of armour.
You have claws for hands.
Your metabolism is lightning-fast.
You like to eat raw meat.
You heal very quickly.
You can eat rotten meat.
You are covered in fur (AC +1).
You have very tough skin (AC +2).


Message History

Something hits you!
* * * LOW HITPOINT WARNING * * *
You barely miss Blork the orc. You claw Blork the orc!
Blork the orc is heavily wounded.
The orc throws a tomahawk.
The tomahawk misses you. Blork the orc casts a spell at you.
The puff of flame hits you!
* * * LOW HITPOINT WARNING * * *
Something hits you!
* * * LOW HITPOINT WARNING * * *
Drink which item? (? for menu, Esc to quit)
You feel protected.
Blork the orc screams, "I'll cut your head off!"
Blork the orc gestures at you while chanting.
The puff of flame hits you! You resist.
* * * LOW HITPOINT WARNING * * *
The orc throws a tomahawk.
The tomahawk hits you! Blork the orc barely misses you.
The orc throws a tomahawk.
The tomahawk hits you!
You die...

#... ................
#... ...............
#..# ##########..###
#..###############.....
#........o.......)o)...
#..%...o....(o..#######
#..###########..#
#..###########..#######
#..o.(@%..)(...........
#....o...>..........ยง..
#.########...#########.
#............#######
#....................
#..............#####
#..............#
#..............#
#......................


You could see Blork the orc and an orc.

Vanquished Creatures
  Eustachio (D:4)
  Menkaure (D:5)
  2 ogres
  An ice beast (D:6)
  3 orc warriors (D:6)
  A big kobold (Sewer)
  A giant frog (D:5)
  A giant goldfish zombie (D:2)
  A goliath beetle (D:6)
  A hound (D:3)
  An iguana (D:6)
  A big fish (Sewer)
  3 worker ants
  An orc wizard (D:6)
  A gnoll (D:1)
  8 adders
  2 green rats
  2 shadow imps
  2 giant mites
  A worm (D:5)
  2 giant eyeballs (D:5)
  4 giant geckos
  3 oozes
  9 orcs
  5 ball pythons
  2 bat zombies
  8 giant cockroaches
  5 goblins
  14 hobgoblins
  16 kobolds
  9 bats
  A giant cockroach zombie (D:5)
  A giant gecko skeleton (D:4)
  2 giant newts
  A goblin skeleton (D:4)
  2 hobgoblin skeletons
  A jackal (Sewer)
  An orc skeleton (D:4)
  4 quokkas
  18 rats
  2 rat zombies (D:2)
145 creatures vanquished.

Vanquished Creatures (others)
  A giant newt (D:4)
1 creature vanquished.

Grand Total: 146 creatures vanquished

Notes
Turn   | Place    | Note
--------------------------------------------------------------
     0 | D:1      | RogerD, the Troll Monk, began the quest for the Orb.
     0 | D:1      | Reached XP level 1. HP: 22/22 MP: 1/1
    92 | D:1      | Reached XP level 2. HP: 11/29 MP: 1/1
   376 | D:1      | Reached XP level 3. HP: 29/36 MP: 2/2
   854 | D:2      | Reached XP level 4. HP: 41/44 MP: 2/2
  1370 | D:2      | Reached XP level 5. HP: 41/53 MP: 2/2
  1372 | D:2      | Found an ancient bone altar of Kikubaaqudgha.
  1464 | D:2      | Reached skill level 5 in Unarmed Combat
  1550 | D:3      | Found a glowing drain.
  1600 | Sewer    | Entered a sewer
  1707 | Sewer    | Reached XP level 6. HP: 59/61 MP: 3/3
  1740 | Sewer    | Found a white marble altar of Elyvilon.
  2569 | D:4      | Found a white marble altar of Elyvilon.
  2627 | D:4      | Noticed Eustachio
  2674 | D:4      | Killed Eustachio
  3033 | D:5      | Entered Level 5 of the Dungeon
  3092 | D:5      | Reached XP level 7. HP: 62/67 MP: 3/3
  3112 | D:5      | Found a shimmering altar of Xom.
  3462 | D:5      | Reached skill level 6 in Unarmed Combat
  3568 | D:5      | Paralysed by a giant eyeball for 4 turns
  3598 | D:5      | Reached skill level 5 in Dodging
  3628 | D:5      | Noticed Menkaure
  3634 | D:5      | Killed Menkaure
  3675 | D:5      | Paralysed by a giant eyeball for 4 turns
  3682 | D:5      | Paralysed by a giant eyeball for 4 turns
  3689 | D:5      | Paralysed by a giant eyeball for 3 turns
  3895 | D:6      | Reached XP level 8. HP: 14/78 MP: 3/3
  4134 | D:6      | Reached skill level 7 in Unarmed Combat
  4149 | D:6      | Found Riecou Tedd's Gadget Shop.
  4221 | D:6      | Noticed Blork the orc
  4280 | D:6      | HP: 3/78 [Blork the orc/puff of flame (2)]
  4281 | D:6      | Hit by a tomahawk thrown by an orc

Action                   |  1- 3 |  4- 6 |  7- 9 || total
-------------------------+-------+-------+-------++-------
Melee: Unarmed           |    80 |   179 |   155 ||   414
Throw: Tomahawk          |       |     5 |     2 ||     7
Evoke: Wand              |       |       |     2 ||     2
  Use: Scroll            |       |     4 |     2 ||     6
       Potion            |       |       |     7 ||     7
 Stab: Sleeping          |       |     2 |       ||     2
       Distracted        |       |       |     1 ||     1
